 Dungeon Crawl Stone Soup version 0.30.1-4-g462c640d31 (webtiles) character file.

Game seed: 1143441780316623187

1391 Cheops the Caller (level 8, -9/52 HPs)
             Began as a Merfolk Summoner on Sept 17, 2023.
             Was an Initiate of the Shining One.
             Killed from afar by a steam dragon (19 damage)
             ... with a ball of steam
             ... on level 6 of the Dungeon.
             The game lasted 00:24:29 (8926 turns).

Cheops the Caller (Merfolk Summoner)                Turns: 8926, Time: 00:24:30

Health: -9/52      AC:  3    Str:  8    XL:     8   Next: 68%
Magic:  7/14       EV: 12    Int: 17    God:    the Shining One [......]
Gold:   223        SH:  0    Dex: 14    Spells: 1/15 levels left

rFire   . . .        a - +1 spear (heavy)
rCold   . . .        (no shield)
rNeg    . . .        u - +0 robe
rPois   .            (no helmet)
rElec   .            l - +0 cloak
rCorr   .            (no gloves)
SInv    .            (no boots)
Will    .....        (no amulet)
Stlth   +            o - ring of flight
HPRegen 0.28/turn    (no ring)
MPRegen 0.14/turn

%: no passive effects
@: flying, glowing
A: (nimble swimmer 2), mertail
a: Renounce Religion


You were on level 6 of the Dungeon.
You worshipped the Shining One.
The Shining One was noncommittal.
You visited 1 branch of the dungeon, and saw 6 of its levels.

You collected 223 gold pieces.

Inventory:

Hand Weapons
 a - a +1 heavy spear (weapon)
 b - a +2 short sword of electrocution
 A - a +0 dagger of speed
Missiles
 y - a throwing net
Armour
 d - the +1 ring mail of Beyond {Will+++}
   (You found it on level 4 of the Dungeon)

   Will:      It greatly increases your willpower.
 l - a +0 cloak (worn)
 p - a +0 buckler
 q - a +0 leather armour
 u - a +0 robe (worn)
Jewellery
 o - a ring of flight (left hand)
Wands
 c - a wand of charming (7)
 m - a wand of polymorph (4)
Scrolls
 e - 4 scrolls of vulnerability
 h - 2 scrolls of amnesia
 i - 2 scrolls of teleportation
 r - a scroll of fog {unknown}
 t - 2 scrolls of immolation
 x - 2 scrolls of torment {unknown}
Potions
 f - a potion of degeneration {unknown}
 g - 6 potions of mutation {unknown}
 j - a potion of might {unknown}
 k - a potion of attraction {unknown}
 n - 2 potions of haste
 s - a potion of brilliance
 v - a potion of invisibility
 w - 2 potions of berserk rage
 z - a potion of magic


   Skills:
 + Level 3.4 Armour
 - Level 2.6 Dodging
 - Level 2.1 Stealth
 - Level 4.0 Spellcasting
 - Level 4.0 Hexes
 - Level 6.3 Summonings
 - Level 4.1 Air Magic


You had one spell level left.
You knew the following spells:

 Your Spells              Type           Power      Damage    Failure   Level
c - Call Canine Familiar  Summ           24%        N/A       3%          3
g - Summon Guardian Gole  Hex/Summ       20%        N/A       6%          3
l - Summon Lightning Spi  Summ/Air       21%        N/A       19%         4
m - Summon Small Mammal   Summ           96%        N/A       1%          1
t - Tukima's Dance        Hex            17%        N/A       9%          3

Your spell library contained the following spells:

 Spells                   Type           Power      Damage    Failure   Level
 Magic Dart               Conj           12%        1d3       16%         1
 Call Imp                 Summ           48%        N/A       1%          2
 Scorch                   Fire           6%         2d5       24%         2
 Mephitic Cloud           Conj/Pois/Air  8%         N/A       26%         3
 Gell's Gravitas          Tloc           3%         N/A       43%         3
 Teleport Other           Tloc           3%         N/A       43%         3
 Flame Wave               Conj/Fire      3%         2d5       83%         4
 Passage of Golubria      Tloc           3%         N/A       83%         4
 Yara's Violent Unravell  Hex/Tmut       5%         3d4       88%         5
 Summon Cactus Giant      Summ           12%        N/A       88%         6
 Dispersal                Tloc           1%         N/A       100%        6


Dungeon Overview and Level Annotations

Branches:
Dungeon (6/15)
 Temple: D:4-7

Altars:
Fedhas
Kikubaaqudgha
Yredelemnul
The Shining One

Annotations:
D:3 1 runed translucent door


Innate Abilities, Weirdness & Mutations

((You are very nimble when in or above water. (Stealth+, EV+, Speed+++)))
Your lower body shifts to a powerful aquatic tail in water.


Message History

The bolt of electricity hits the steam dragon.
There is a stone staircase leading up here.
Your bat is engulfed in a cloud of scalding steam.
Your bat hits the steam dragon.
Your lightning spire shoots out a bolt of lightning at the steam dragon!
The bolt of electricity hits your bat.
Your bat dies!
Your bat's corpse disappears in a puff of smoke!
Something hits your lightning spire but does no damage.
Something hits your lightning spire but does no damage.
Your lightning spire shoots out a bolt of lightning at the steam dragon!
The bolt of electricity misses the steam dragon.
Casting: Summon Small Mammal (safe; 1% risk of failure)
Confirm with . or Enter, or press ? or * to list all spells.
The steam dragon breathes steam at you. The ball of steam misses you.
Your lightning spire shoots out a bolt of lightning at the steam dragon!
The bolt of electricity hits the steam dragon!
Something shouts, "Embrace thy dedition, thou pox-marked saucy skainsmate!"
A wight comes into view. It is wielding a +1 falchion.
You are engulfed in a cloud of scalding steam.
* * * LOW HITPOINT WARNING * * *
The steam dragon bites your lightning spire!
The steam dragon barely misses your lightning spire.
You hit the steam dragon.
The steam dragon is severely wounded.
You are engulfed in a cloud of scalding steam.
* * * LOW HITPOINT WARNING * * *
A wight comes into view. It is wielding a +3 dagger.
The wight hits your lightning spire with a +1 falchion!
Your lightning spire is destroyed!
Your lightning spire disappears in a puff of smoke!
The steam dragon bites you!
* * * LOW HITPOINT WARNING * * *
The steam dragon barely misses you.
The wight moves out of view.
You hit the steam dragon.
The steam dragon is severely wounded.
The steam dragon breathes steam at you. The ball of steam hits you!!
You die...

# #. #.#
#..###
#...##
####@.#####
#.h§(D§.....
#.###z#####.
.. .# ... z.
### ##< #


You could see a steam dragon (catching breath, ally target), 2 wights and a
friendly hound (summoned).

Vanquished Creatures
  Edmund (D:5)
  A black bear (D:5)
  3 scorpions
  A hound (D:4)
  An orc wizard (D:3)
  2 sleepcaps (D:5)
  A human skeleton (D:3)
  A gnoll (D:5)
  5 adders
  3 worms
  A dart slug (D:1)
  An orc (D:4)
  2 endoplasms
  4 goblins
  3 hobgoblins
  3 quokkas
  3 bats
  3 frilled lizards
  2 kobolds
  4 rats (D:1)
45 creatures vanquished.

Vanquished Creatures (collateral kills)
  Grinder (D:5)
  Menkaure (D:5)
  A scorpion (D:5)
  2 howler monkeys
  Crazy Yiuf (D:5)
  A gnoll bouda (D:5)
  3 hounds
  An orc priest (D:3)
  2 jellies (D:5)
  An adder (D:2)
  2 gnolls (D:5)
  A shadow imp (D:5)
  2 worms
  A dart slug (D:5)
  6 orcs
  2 ball pythons
  4 endoplasms
  2 giant cockroaches
  5 hobgoblins
  A quokka (D:1)
  A bat (D:2)
  A frilled lizard (D:2)
  2 goblins
  4 kobolds
  2 rats
50 creatures vanquished.

Grand Total: 95 creatures vanquished

Notes
Turn   | Place    | Note
-------+----------+-------------------------------------------
     0 | D:1      | Cheops the Merfolk Summoner began the quest for the Orb.
     0 | D:1      | Reached XP level 1. HP: 13/13 MP: 3/3
   324 | D:1      | Reached XP level 2. HP: 19/19 MP: 1/5
  1070 | D:1      | Learned a level 2 spell: Call Imp
  1111 | D:2      | Reached XP level 3. HP: 24/24 MP: 3/6
  1253 | D:2      | Learned a level 3 spell: Call Canine Familiar
  1859 | D:2      | Reached skill level 5 in Summonings
  1859 | D:2      | Reached XP level 4. HP: 14/30 MP: 4/8
  2414 | D:3      | Found a faded altar of an unknown god.
  3130 | D:3      | Noticed a human
  3131 | D:3      | Found a runed translucent door.
  3134 | D:3      | Found a basalt altar of Yredelemnul.
  3275 | D:3      | Reached XP level 5. HP: 11/35 MP: 4/9
  3485 | D:3      | Learned a level 4 spell: Summon Lightning Spire
  3797 | D:4      | Reached skill level 6 in Summonings
  3828 | D:4      | Found a blossoming altar of Fedhas.
  3916 | D:4      | Found an ancient bone altar of Kikubaaqudgha.
  3961 | D:4      | Found a glowing golden altar of the Shining One.
  3977 | D:4      | Reached skill level 1 in Air Magic
  3977 | D:4      | Reached XP level 6. HP: 32/41 MP: 5/10
  4024 | D:4      | Became a worshipper of the Shining One
  4030 | D:4      | Learned a level 3 spell: Summon Guardian Golem
  4047 | D:4      | Identified the +1 ring mail of Beyond {Will+++}
  6546 | D:3      | Found a faded altar of an unknown god.
  6653 | D:3      | Found a runed translucent door.
  6656 | D:3      | Found a basalt altar of Yredelemnul.
  6865 | D:4      | Found a blossoming altar of Fedhas.
  6868 | D:4      | Found an ancient bone altar of Kikubaaqudgha.
  6958 | D:4      | Found a glowing golden altar of the Shining One.
  7202 | D:5      | Entered Level 5 of the Dungeon
  7305 | D:5      | Noticed Edmund
  7305 | D:5      | Noticed a black bear
  7313 | D:5      | Killed a black bear
  7314 | D:5      | Reached XP level 7. HP: 44/46 MP: 3/11
  7358 | D:5      | Killed Edmund
  7795 | D:5      | Reached skill level 1 in Hexes
  7838 | D:5      | Learned a level 3 spell: Tukima's Dance
  7892 | D:5      | Reached XP level 8. HP: 42/52 MP: 5/14
  8265 | D:5      | Noticed Grinder
  8280 | D:5      | Killed Grinder
  8424 | D:5      | Noticed Menkaure
  8447 | D:5      | Killed Menkaure
  8763 | D:5      | Found a runed translucent door.
  8764 | D:5      | Noticed Crazy Yiuf
  8778 | D:5      | Killed Crazy Yiuf
  8926 | D:6      | Killed from afar by a steam dragon

Illustrated notes

Levels and vault maps discovered:
D:1:      dpeg_arrival_signposts, layout_basic, st_stairs_10,
          minmay_pentomino_o2
D:2:      layout_loops_ring, palyth_stone_intersect,
          chequers_serial_rivers_small_b
D:3:      layout_rooms, dk_yredelemnul_ordeal, shapermc_ecumenical_altar_venn,
          mrwooster_statue_mirror, serial_bayou_lagoon_b
D:4:      layout_basic, mainiacjoe_overflow_alcove_1,
          grunt_temple_overflow_growth_and_decay, kennysheep_opposing_triangles
D:5:      layout_gridville, uniq_menkaure, uniq_crazy_yiuf_cottage,
          uniq_grinder, uniq_edmund
D:6:      layout_rooms, nicolae_uskayaw_en_pointe, temple_doors_e

Skill      XL: |  1  2  3  4  5  6  7  8 |
---------------+-------------------------+-----
Summonings     | 5 6 |  6.3
Spellcasting   | 3 4 |  4.0
Air Magic      | 1 3 4 |  4.1
Hexes          | 2 4 |  4.0
Armour         | 3 |  3.4
Dodging        | |  2.6
Stealth        | |  2.1

Action                     |  1- 3 |  4- 6 |  7- 9 || total
---------------------------+-------+-------+-------++-------
  Melee: Dagger            |   110 |    79 |       ||   189
         Unarmed           |    16 |       |       ||    16
         Punch             |     1 |     4 |     2 ||     7
         Tailslap          |       |     1 |       ||     1
         Short sword       |       |    29 |    61 ||    90
         Spear             |       |       |     2 ||     2
   Cast: Summon Small Mamm |    24 |       |     1 ||    25
         Call Imp          |     4 |     7 |       ||    11
         Call Canine Famil |     3 |    20 |    15 ||    38
         Summon Lightning  |       |     1 |     7 ||     8
         Tukima's Dance    |       |       |     1 ||     1
  Evoke: Wand              |       |     1 |       ||     1
    Use: Scroll            |       |     9 |     1 ||    10
         Potion            |       |     1 |       ||     1
   Stab: Sleeping          |     5 |     1 |       ||     6
         Distracted        |     2 |       |       ||     2
 Armour: Robe              |    18 |    15 |     6 ||    39
         Leather armour    |       |     8 |       ||     8
         Skin              |       |    13 |     5 ||    18
  Dodge: Dodged            |    82 |    68 |    34 ||   184
